 Seeded DCSS version 0.29-a0-397-g846e4a0bbc (webtiles) character file.

Game seed: 3853640191977401903 (custom seed)

80 oldmanjim the Bolt Thrower (level 4, -3/40 HPs)
             Began as a Minotaur Hunter on May 11, 2022.
             Killed from afar by Sigmund (5 damage)
             ... with a magic dart
             ... on level 2 of the Dungeon.
             The game lasted 00:11:58 (1136 turns).

oldmanjim the Bolt Thrower (Minotaur Hunter)        Turns: 1136, Time: 00:11:59

Health: -3/40      AC:  8    Str: 18    XL:     4   Next: 18%
Magic:  3/3        EV:  8    Int:  6    God:
Gold:   43         SH:  0    Dex: 13    Spells: 3/3 levels left

rFire   . . .      SeeInvis .   b - +1 hand crossbow
rCold   . . .      Faith    .   (no shield)
rNeg    . . .      Spirit   .   i - +0 chain mail
rPois   .          Reflect  .   (helmet restricted)
rElec   .          Harm     .   (no cloak)
rCorr   .          Rampage  .   (no gloves)
Will    .....                   (no boots)
Stlth   ..........              (no amulet)
HPRegen 0.13/turn               (no ring)
MPRegen 0.08/turn               (no ring)

@: mighty
A: horns 2, retaliatory headbutt
a: no special abilities


You were on level 2 of the Dungeon.
You visited 1 branch of the dungeon, and saw 2 of its levels.

You collected 43 gold pieces.

Inventory:

Hand Weapons
 a - a +0 arbalest
 b - a +1 hand crossbow (weapon)
 e - a +0 dagger
Missiles
 k - 9 stones
Armour
 f - a +0 leather armour
 g - a +0 ring mail
 i - a +0 chain mail (worn)
Scrolls
 c - 2 scrolls of immolation
 h - a scroll of amnesia {unknown}
Potions
 d - 2 potions of curing


   Skills:
 - Level 4.0 Fighting
 - Level 5.0 Crossbows
 + Level 1.2 Armour
 - Level 3.0 Dodging
 - Level 0.7 Stealth


You had 3 spell levels left.
You didn't know any spells.
Your spell library was empty.

Dungeon Overview and Level Annotations

Branches:
Dungeon (2/15)

Altars:

Annotations:
D:2 Sigmund


Innate Abilities, Weirdness & Mutations

You have a pair of horns on your head.
You reflexively headbutt those who attack you in melee.


Message History

Sigmund is moderately wounded.
Sigmund hits you from afar with a +0 scythe!
You shoot a bolt. The bolt closely misses Sigmund.
Sigmund casts a spell at you. The puff of flame hits you.
Sigmund completely misses you.
You shoot a bolt. The bolt barely misses Sigmund.
Sigmund barely misses you.
You shoot a bolt. The bolt hits Sigmund.
Sigmund is heavily wounded.
Sigmund hits you from afar with a +0 scythe!
You are too injured to fight recklessly!
You feel very mighty all of a sudden.
Sigmund hits you from afar with a +0 scythe!
* * * LOW HITPOINT WARNING * * *
Shoot: b) +1 hand crossbow
Press: ? - help, Q - select action, (/) - cycle Shift-Dir - straight line, f/p - Sigmund
Aim: Sigmund, wielding a +0 scythe and wearing a +0 robe (heavily wounded, 61% to hit)
You shoot a bolt. The bolt hits Sigmund.
Sigmund is heavily wounded.
Sigmund hits you from afar with a +0 scythe!
* * * LOW HITPOINT WARNING * * *
Sigmund gestures at you while chanting.
You are confused.
Sigmund casts a spell.
Sigmund flickers and vanishes!
Deactivating autopickup; reactivate with Ctrl-A.
You bump into the rock wall.
You feel less confused.
You open the door. Something hits you.
* * * LOW HITPOINT WARNING * * *
There is an open door here.
You are confused.
Found a stone staircase leading down.
You bump into the rock wall.
A magic dart appears from out of thin air!
The magic dart hits you but does no damage.
You're too confused to move!
You feel less confused.
A magic dart appears from out of thin air!
The magic dart hits you.
You die...

#.# #..........# #....# #.#
#..........# #....# #.#
#..........#####....# #.#
+.................... #.#
#.............#######
#.#.###.............##.....
#.#>.......................
#.# #...........####......
#.# #.{..@..........<.....
#.####'####+########.....##
#.##....# #.#.....
####.##....# #.......
#.....'..{.########
#....#..
#######............
......... ###.......###
#.###.#..) #.......... ..
..#... #......#+### ###.#


There were no monsters in sight!

Vanquished Creatures
  3 adders (D:2)
  2 gnolls (D:2)
  A worm (D:2)
  A dart slug (D:2)
  3 endoplasms (D:2)
  A giant cockroach (D:2)
  A hobgoblin (D:2)
  6 quokkas (D:2)
  3 ball pythons (D:2)
  3 bats (D:2)
  A frilled lizard (D:1)
  3 goblins (D:2)
  A kobold (D:1)
  5 rats (D:2)
34 creatures vanquished.

Vanquished Creatures (others)
  18 plants (D:2)
18 creatures vanquished.

Grand Total: 52 creatures vanquished

Notes
Turn   | Place    | Note
-------+----------+-------------------------------------------
     0 | D:1      | oldmanjim the Minotaur Hunter began the quest for the Orb.
     0 | D:1      | Reached XP level 1. HP: 18/18 MP: 0/0
    75 | D:2      | Reached XP level 2. HP: 25/25 MP: 1/1
   279 | D:2      | Reached XP level 3. HP: 31/31 MP: 2/2
   764 | D:2      | Reached skill level 5 in Crossbows
   772 | D:2      | Reached XP level 4. HP: 40/40 MP: 3/3
   835 | D:2      | Reached skill level 1 in Armour
  1109 | D:2      | Noticed Sigmund
  1128 | D:2      | HP: 1/40 [something (6)]
  1136 | D:2      | Killed from afar by Sigmund

Illustrated notes

Levels and vault maps discovered:
D:1:      minmay_arrival_jagged, layout_rooms, serial_bayou,
          serial_bayou_pond_b, serial_bayou_pond_c, serial_bayou_lake_a,
          serial_bayou_ford_a, ebering_ecumenical_altar_box,
          minmay_close_crescents
D:2:      wad_woods_tower, layout_basic, uniq_sigmund

Skill      XL: |  1  2  3  4 |
---------------+-------------+-----
Fighting       | 3 4 |  4.0
Dodging        | 3 |  3.0
Crossbows      | 5 |  5.0
Armour         | 1 |  1.2
Stealth        | |  0.7

Action                   |  1- 3 |  4- 6 || total
-------------------------+-------+-------++-------
Melee: Dagger            |     9 |       ||     9
       Headbutt          |     1 |       ||     1
 Fire: Hand crossbow     |    66 |    21 ||    87
       Arbalest          |     2 |       ||     2
  Use: Scroll            |     1 |     1 ||     2
       Potion            |       |     1 ||     1
Armor: Leather armour    |     1 |       ||     1
       Ring mail         |     1 |       ||     1
       Chain mail        |    17 |     4 ||    21
Dodge: Dodged            |    20 |     9 ||    29

Table legend: (Time is in decaauts)
 A = Elapsed time spent in this place.
 B = Non-inter-level travel time spent in this place.
 C = Inter-level travel time spent in this place.
 D = Time resting spent in this place.
 E = Time spent auto-exploring this place.
 F = Levels seen in this place.
 G = Mean time per level.
                   A        B        C        D        E       F      G
               +--------+--------+--------+--------+--------+-----+--------+
         Total |   1183 |   1183 |      0 |    355 |    141 |   2 |  591.5 |
       Dungeon |   1183 |   1183 |      0 |    355 |    141 |   2 |  591.5 |
               +--------+--------+--------+--------+--------+-----+--------+

Top non-repeatable levels by time:
     D:2: 1158 daAuts
     D:1: 25 daAuts
